Map: Odyssey LE

Players

dudek - Winner!

  • Race: Zerg Zerg
  • League: Diamond
  • Spawn Location: 11:00

Dessa

  • Race: Zerg Zerg
  • League: Diamond
  • Spawn Location: 5:00

VOD

Have the link to the VOD?

Description

Time

  • Played on: Jan. 14, 2018, 1:27 p.m.
  • Length: 15:35
Show
View Real Time Build Order
Export as new Build Order

dudek Zerg - Winner!

Build Orders: Hatch First 

Get SALT Encoding   

  12  0:01  Drone  
  13  0:12  Overlord  
  13  0:19  Drone  
  14  0:32  Drone x2  
  16  0:35  Drone  
  17  0:52  Hatchery  
  17  0:55  Drone  
  17  0:58  Drone  
  18  1:09  Extractor  
  17  1:13  Spawning Pool  
  17  1:17  Drone  
  17  1:19  Drone  
  18  1:35  Drone  
  18  1:39  Overlord  
  19  1:59  Queen  
  19  2:01  Zergling x4  
  22  2:03  Queen  
  22  2:04  Drone  
  26  2:11  Metabolic Boost  
  26  2:17  Drone  
  26  2:20  Drone  
  26  2:22  Overlord  
  28  2:29  Drone  
  29  2:39  Queen  
  31  2:58  Drone x4  
  32  2:59  Drone x2  
  37  3:17  Hatchery  
  35  3:25  Extractor, Lair  
  35  3:26  Drone  
  35  3:32  Drone  
  35  3:33  Drone x6  
  42  3:40  Baneling Nest  
  41  3:51  Drone, Overlord  
  42  4:04  Zergling x4  
  42  4:09  Queen  
  44  4:12  Zergling x12  
  49  4:27  Spire  
  49  4:28  Extractor  
  49  4:29  Zergling x2  
  49  4:30  Zergling x6  
  51  4:32  Baneling  
  51  4:33  Baneling  
  51  4:35  Baneling  
  51  4:43  Zergling x2  
  51  4:44  Zergling x6  
  47  5:03  Zergling x12  
  47  5:05  Baneling x4  
  53  5:11  Extractor  
  53  5:12  Queen  
  53  5:13  Drone  
  42  5:29  Zergling x2  
  42  5:30  Zergling x14  
  43  5:43  Mutalisk x2  
  45  6:08  Mutalisk  
  38  6:19  Zergling x2  
  38  6:20  Zergling x20  
  48  6:41  Baneling  
  48  6:42  Baneling x4  
  48  6:50  Drone x4  
  48  6:51  Drone x5  
  57  7:00  Overlord x2  
  57  7:14  Drone  
  58  7:16  Overlord x3  
  58  7:17  Queen  
  58  7:19  Zerg Flyer Weapons Level 1  
  58  7:20  Drone x3  
  58  7:21  Drone x2  
  65  7:25  Spine Crawler  
  65  7:27  Spine Crawler  
  60  7:42  Drone x6, Mutalisk  
  68  7:47  Mutalisk  
  68  8:06  Evolution Chamber  
  68  8:09  Evolution Chamber  
  68  8:11  Mutalisk x5  
  76  8:16  Mutalisk  
  76  8:17  Mutalisk  
  76  8:18  Drone  
  76  8:19  Drone  
  80  8:37  Mutalisk x3  
  86  8:59  Mutalisk  
  86  9:00  Mutalisk  
  90  9:06  Mutalisk  
  90  9:07  Drone  
  90  9:08  Drone x4  
  97  9:10  Overlord  
  97  9:11  Overlord x2  
  97  9:36  Zerg Melee Weapons Level 1  
  97  9:41  Baneling  
  97  9:42  Baneling x10  
  97  9:46  Drone x7  
  97  9:47  Drone x6  
  97  9:49  Extractor x2  
  108  10:00  Infestation Pit  
  108  10:02  Zerg Flyer Armor Level 1  
  107  10:07  Hatchery  
  107  10:08  Baneling  
  107  10:09  Extractor x2  
  107  10:14  Overlord x4  
  104  10:16  Drone x6  
  104  10:35  Mutalisk  
  104  10:36  Mutalisk x2  
  110  10:55  Spine Crawler  
  109  10:57  Spine Crawler x2  
  109  10:58  Spine Crawler  
  106  11:05  Spore Crawler  
  106  11:08  Zergling x20  
  106  11:09  Zergling x14  
  122  11:12  Overseer x2  
  122  11:14  Pneumatized Carapace  
  122  11:30  Centrifical Hooks  
  122  11:32  Baneling  
  122  11:33  Baneling x15  
  122  11:34  Baneling x5  
  122  11:40  Mutalisk  
  122  11:42  Overlord x3  
  124  11:53  Baneling x3  
  124  11:54  Baneling x6  
  124  12:04  Hatchery  
  124  12:06  Mutalisk x2  
  127  12:08  Drone  
  127  12:09  Drone x9  
  137  12:29  Mutalisk x4  
  141  12:32  Overlord  
  141  12:33  Drone x5  
  150  12:40  Mutalisk  
  150  12:42  Overlord x2  
  128  13:09  Mutalisk  
  128  13:10  Mutalisk x4  
  134  13:19  Mutalisk x2  
  127  13:27  Drone x5  
  127  13:28  Drone  
  131  13:35  Burrow  
  131  13:40  Zergling x4  
  131  13:41  Zergling x2  
  134  13:52  Extractor  
  134  13:53  Drone x2  
  134  13:54  Drone  
  136  14:08  Zergling x2  
  136  14:09  Zergling x24  
  141  14:14  Baneling  
  141  14:15  Baneling x5  
  141  14:21  Drone  
  141  14:22  Drone x3  
  145  14:34  Baneling x15, Spine Crawler  
  145  14:35  Baneling x9  
  145  14:38  Spine Crawler, Mutalisk x3  
  145  15:04  Zergling x2  
  145  15:05  Zergling x20  
  155  15:09  Hatchery  
Show
View Real Time Build Order
Export as new Build Order

Dessa Zerg 

Build Orders: Pool First 

Get SALT Encoding   

  12  0:00  Drone  
  13  0:12  Overlord  
  13  0:18  Drone  
  14  0:30  Drone  
  14  0:31  Drone  
  14  0:34  Drone  
  17  0:47  Spawning Pool  
  17  0:48  Drone  
  17  0:51  Extractor  
  16  1:00  Drone  
  17  1:19  Hatchery  
  17  1:21  Drone  
  17  1:23  Drone  
  18  1:29  Overlord  
  18  1:41  Queen  
  18  1:44  Zergling x2  
  21  1:49  Zergling x2  
  22  1:54  Metabolic Boost  
  23  2:01  Drone  
  23  2:17  Drone  
  24  2:28  Drone  
  25  2:32  Queen  
  25  2:33  Drone  
  25  2:35  Drone  
  29  2:42  Drone  
  30  2:49  Overlord  
  29  3:05  Overlord  
  29  3:19  Baneling Nest, Drone  
  29  3:21  Zergling x4  
  29  3:23  Drone x2  
  29  3:26  Zergling x2  
  34  3:27  Zergling x2  
  34  3:31  Queen  
  34  3:33  Queen  
  39  3:35  Overlord  
  39  3:37  Zergling x6  
  42  3:56  Zergling x10  
  44  4:20  Zergling x8  
  44  4:21  Zergling x2  
  49  4:29  Baneling x3  
  49  4:30  Baneling x4  
  49  4:35  Zergling x6  
  52  4:45  Zergling x6  
  46  5:01  Zergling x6  
  46  5:05  Baneling x3  
  46  5:07  Zergling x4  
  51  5:11  Lair  
  51  5:14  Extractor  
  42  5:33  Drone x6  
  47  5:38  Baneling x2  
  45  5:44  Drone  
  45  5:45  Drone x2  
  48  5:55  Zergling x10  
  50  6:16  Baneling x4  
  50  6:17  Drone x2  
  51  6:29  Overlord  
  51  6:30  Roach Warren  
  51  6:31  Overlord  
  50  6:40  Evolution Chamber  
  50  6:41  Drone x2, Evolution Chamber  
  50  6:42  Drone  
  50  6:45  Hatchery  
  50  6:46  Overlord  
  50  6:51  Pneumatized Carapace  
  50  6:54  Drone  
  50  6:55  Drone, Extractor  
  50  6:56  Extractor  
  50  6:58  Drone x3  
  53  7:08  Zerg Missile Weapons Level 1  
  53  7:09  Zerg Ground Armor Level 1  
  53  7:15  Roach x4  
  61  7:16  Roach x2  
  61  7:20  Drone  
  66  7:24  Overlord  
  66  7:27  Overlord  
  66  7:49  Hydralisk Den  
  65  7:54  Spore Crawler  
  65  7:55  Drone x3, Spore Crawler  
  66  8:01  Spore Crawler  
  66  8:03  Drone x3, Spore Crawler  
  66  8:05  Spore Crawler  
  64  8:08  Queen  
  66  8:15  Drone x3, Queen x2  
  73  8:33  Drone x4  
  77  8:34  Drone  
  77  8:35  Drone  
  77  8:40  Hydralisk x4  
  77  8:41  Hydralisk  
  87  8:43  Overlord x2  
  89  8:57  Overlord x2  
  89  9:09  Muscular Augments  
  89  9:11  Glial Reconstitution  
  89  9:12  Overlord  
  89  9:22  Hydralisk x3  
  89  9:23  Hydralisk x3  
  101  9:29  Zerg Missile Weapons Level 2  
  101  9:35  Extractor x2, Overlord  
  101  9:36  Overlord  
  101  9:37  Zerg Ground Armor Level 2  
  99  9:40  Drone x3  
  99  9:42  Drone x2  
  99  9:43  Drone  
  105  10:01  Roach x3, Hydralisk x3  
  105  10:02  Roach  
  115  10:52  Roach, Hydralisk  
  115  10:53  Roach  
  115  10:56  Overlord x3  
  121  11:12  Hatchery  
  121  11:15  Extractor  
  121  11:16  Extractor  
  118  11:27  Roach x2, Hydralisk x5  
  118  11:28  Roach x5  
  118  11:29  Roach x2  
  146  11:42  Overlord x2  
  146  11:48  Spore Crawler  
  146  11:49  Drone x2, Spore Crawler  
  146  11:51  Drone, Spore Crawler  
  146  12:01  Overlord  
  146  12:02  Overlord  
  146  12:17  Infestation Pit  
  145  12:25  Queen  
  145  12:27  Roach  
  145  12:28  Roach x8  
  145  12:29  Roach  
  166  12:45  Overlord  
  166  12:46  Overlord x2  
  114  13:08  Hydralisk  
  114  13:09  Hydralisk x12  
  114  13:24  Hydralisk x2  
  114  13:25  Roach x4  
  118  13:31  Hydralisk  
  118  13:32  Roach  
  108  13:35  Overlord  
  108  13:39  Roach  
  106  13:44  Drone x3  
  109  13:55  Hydralisk  
  109  13:56  Roach x3  
  117  14:09  Roach  
  121  14:10  Roach x3  
  121  14:12  Drone  
  121  14:13  Drone x2  
  121  14:15  Drone  
  127  14:17  Drone  
  127  14:22  Drone x2  
  127  14:23  Drone  
Tags
 
Matchup
ZvZ
Race
Zerg
Replay Pack
2017S4
Spawn Locations
Cross Positions
Add a new tag
Caveats
  • Supply blocks, unpowered buildings, or Contaminate may cause inaccurate times.
  • Supply counts are checked every 10 seconds.